 Dungeon Crawl Stone Soup version 0.19.5 (webtiles) character file.

33 Gargoyl the Skirmisher (level 3, -1/31 HPs)
             Began as a Ghoul Abyssal Knight on Mar 3, 2017.
             Was a Follower of Lugonu.
             Slain by a gnoll
             ... wielding a +0 club
              (4 damage)
             ... on level 1 of the Dungeon.
             The game lasted 00:02:34 (640 turns).

Gargoyl the Skirmisher (Ghoul Abyssal Knight)        Turns: 640, Time: 00:02:34

Health: -1/31      AC:  6    Str: 15    XL:     3   Next: 29%
Magic:  3/3        EV:  9    Int:  7    God:    Lugonu [*.....]
Gold:   42         SH:  0    Dex:  9    Spells: 0 memorised, 2 levels left

rFire  . . .     SeeInvis +     a - +1 hand axe
rCold  + . .     Gourm    .     g - +0 scale mail
rNeg   + + +     Faith    .     (no shield)
rPois  ∞         Spirit   .     (no helmet)
rElec  .         Reflect  .     (no cloak)
rCorr  .         Harm     .     (no gloves)
MR     .....                    (no boots)
Stlth  ..........               h - amulet of regeneration
                                (no ring)
                                d - ring of see invisible

@: rotting
A: rotting body, claws 1, carnivore 3, cold resistance 1, negative energy
resistance 3, slow regeneration 1, torment resistance, unbreathing
a: Depart the Abyss, Renounce Religion


You were on level 1 of the Dungeon.
You worshipped Lugonu.
Lugonu was aware of your devotion.
You were not hungry.

You visited 1 branch of the dungeon, and saw 2 of its levels.
You visited the Abyss 1 time.

You collected 42 gold pieces.

Inventory:

Hand Weapons
 a - a +1 hand axe (weapon)
Armour
 g - a +0 scale mail (worn)
Jewellery
 d - a ring of see invisible (left claw)
 h - an amulet of regeneration (around neck)
Scrolls
 k - a scroll of magic mapping {unknown}
Potions
 e - a potion of invisibility {unknown}
 i - 2 potions of flight {unknown}
 j - a potion of agility {unknown}
Comestibles
 b - 2 beef jerkies
 c - a meat ration
 f - 6 chunks of flesh


   Skills:
 + Level 3.6 Fighting
 + Level 2.2 Axes
 * Level 2.4 Armour
 + Level 0.8 Dodging
 * Level 2.2 Invocations


You had 2 spell levels left.
You didn't know any spells.

Dungeon Overview and Level Annotations

Branches:
Dungeon (2/15)

Altars:


Innate Abilities, Weirdness & Mutations

Your body is rotting away.
You thrive on raw meat.
You are immune to poison.
You have sharp fingernails.
You are carnivorous and can eat meat at any time.
Your flesh is cold resistant. (rC+)
You are immune to negative energy. (rN+++)
You regenerate slowly when monsters are visible.
You are immune to unholy pain and torment.
You can survive without breathing.


Message History

* * * LOW HITPOINT WARNING * * *
The gnoll hits you with a club.
* * * LOW HITPOINT WARNING * * *
You hit the gnoll.
The gnoll is severely wounded.
The gnoll hits you with a club.
* * * LOW HITPOINT WARNING * * *
You closely miss the gnoll.
The gnoll is severely wounded.
The gnoll hits you with a club.
* * * LOW HITPOINT WARNING * * *
Unknown command.
You closely miss the gnoll.
The gnoll is severely wounded.
The gnoll hits you with a club.
* * * LOW HITPOINT WARNING * * *
Okay, then.
You see here an adder corpse.
You butcher the adder corpse.
The gnoll hits you with a club.
You die...

#....#.. #..#.###
##.##.##. ###..##....
##....##..##
#..##.##.##
########.###.##.#
##...##...##..##.#
##..@..#.####.###.###
#.(.g....####.###.##.
#.......##...........
#.......##......#....
##...................
##......##.......####
#.......##......##
#.......##......# ##
#.......#######.# #.


You could see a gnoll.

Vanquished Creatures
  An adder (D:1)
  3 leopard geckos (D:1)
  A ball python (D:1)
  2 bats (D:1)
  A goblin (D:1)
  4 hobgoblins (D:1)
  3 frilled lizards (D:1)
  4 kobolds (D:1)
  2 rats (D:1)
21 creatures vanquished.

Notes
Turn   | Place    | Note
-------+----------+-------------------------------------------
     0 | Abyss:1  | Gargoyl the Ghoul Abyssal Knight began the quest for the Orb.
     0 | Abyss:1  | Reached XP level 1. HP: 19/19 MP: 1/1
   110 | Abyss:1  | Noticed an iron imp
   117 | Abyss:1  | Noticed a wretched star
   118 | D:1      | Escaped the Abyss
   215 | D:1      | Reached * piety under Lugonu
   215 | D:1      | Reached XP level 2. HP: 26/26 MP: 2/2
   567 | D:1      | Reached XP level 3. HP: 31/31 MP: 3/3
   640 | D:1      | Slain by a gnoll

Skill      XL: |  1 |
---------------+----+-----
Armour         | 2 |  2.4
Axes           | 2 |  2.2
Fighting       | |  3.6
Dodging        | |  0.8
Invocations    | |  2.2

Action                   || total
-------------------------++-------
Melee: Hand axe          ||    69
Invok: Depart the Abyss  ||     1
  Use: Scroll            ||     1
  Eat: Chunk             ||     8
Armor: Scale mail        ||    35
Dodge: Dodged            ||    50
